 Dungeon Crawl Stone Soup version 0.20.1-1-g8b1a95d (console) character file.

906 rafael the Martial Artist (level 7, -4/52 HPs)
             Began as a Demonspawn Abyssal Knight on Aug 29, 2017.
             Was a Priest of Lugonu.
             Splashed by a jelly's acid (5 damage)
             ... on level 5 of the Dungeon.
             The game lasted 00:11:40 (3721 turns).

rafael the Martial Artist (DsAK)                    Turns: 3721, Time: 00:11:41

Health: -4/52      AC: -2    Str: 12    XL:     7   Next: 81%
Magic:  0/8        EV: 11    Int: 16    God:    Lugonu [***...]
Gold:   340        SH:  0    Dex: 12    Spells: 6/6 levels left

rFire    . . .     SeeInvis .   s - +0 dagger (venom)
rCold    . . .     Gourm    .   (no shield)
rNeg     . . .     Faith    .   a - +0 leather armour
rPois    .         Spirit   +   t - +0 helmet
rElec    .         Reflect  .   e - +0 cloak
rCorr    .         Harm     .   (no gloves)
MR       .....                  (no boots)
Stlth    +.........             (no amulet)
Regen    0.2/turn               (no ring)
MPRegen  0.2/turn               (no ring)

@: corroded
A: hooves 1, magic shield, sturdy frame 3
a: Depart the Abyss, Bend Space, Banish, Renounce Religion


You were on level 5 of the Dungeon.
You worshipped Lugonu.
Lugonu was most pleased with you.
You were hungry.

You visited 1 branch of the dungeon, and saw 5 of its levels.
You visited the Abyss 1 time.

You collected 340 gold pieces.

Inventory:

Hand Weapons
 s - a +0 dagger of venom (weapon)
Missiles
 p - an exploding tomahawk (quivered)
Armour
 a - a +0 leather armour (worn)
 e - a +0 cloak (worn)
 f - a +0 cloak
 q - a +0 leather armour
 t - a +0 helmet (worn)
Wands
 m - a wand of flame (30/48)
 u - a wand of random effects (0/48)
 v - a wand of lightning (0/15)
Scrolls
 c - 3 scrolls of recharging {unknown}
 d - a scroll of fear {unknown}
 g - 3 scrolls of identify
 h - a scroll of fog {unknown}
 i - a scroll of magic mapping {unknown}
 l - 2 scrolls of enchant weapon {unknown}
 n - a scroll of random uselessness {unknown}
 o - 4 scrolls of teleportation {unknown}
 w - 4 scrolls of remove curse {unknown}
 x - a scroll of blinking {unknown}
Potions
 k - a potion of agility {unknown}
 r - a potion of resistance
Comestibles
 b - 2 bread rations
 j - 3 meat rations


   Skills:
 - Level 3.0 Fighting
 - Level 1.7 Armour
 - Level 0.8 Dodging
 + Level 8.4 Unarmed Combat
 - Level 2.4 Invocations


You had 6 spell levels left.
You didn't know any spells.

Dungeon Overview and Level Annotations

Branches:
Dungeon (5/15)             Temple (0/1) D:5

Altars:
Ashenzari
Elyvilon
Gozag
Kikubaaqudgha
Sif Muna
Vehumet

Annotations:
D:3 2 transporters
D:5 rafael's ghost, amateur DDFE


Innate Abilities, Weirdness & Mutations

You have large cloven feet.
When hurt, damage is shared between your health and your magic reserves.
Your movements are significantly less encumbered by armour. (ER -6)


Message History

* * * LOW HITPOINT WARNING * * *
You kick the jelly.
The jelly is moderately wounded.
The jelly closely misses you.
You barely miss the jelly. You kick the jelly, but do no damage.
The jelly is moderately wounded.
The jelly completely misses you.
You hit the jelly but do no damage.
The jelly is poisoned.
Your hands burn!
* * * LOW HITPOINT WARNING * * *
You kick the jelly.
The jelly is heavily wounded.
The jelly barely misses you.
You hit the jelly but do no damage.
Your hands burn!
* * * LOW HITPOINT WARNING * * *
You kick the jelly, but do no damage.
The jelly is heavily wounded.
The jelly hits you.
* * * LOW HITPOINT WARNING * * *
The acid corrodes you!
You are splashed with acid!
The acid burns!
You die...

##....J ##.#...# #......
#....## ....5.)## #....#
#.....## ###.#...#
#......## ####...##...##
#...##..###......###....
#.... ###.........# ....
..... ##J.........# ....
..... #@5...............
.... #................
.... .....####.........
.......# ##.......#
##....... .......##
##....... ......
##.....# #.....#


You could see a jelly and a crimson imp.

Vanquished Creatures
  Grinder (D:3)
  An ogre (D:4)
  A centaur (D:5)
  A howler monkey (D:3)
  2 orc priests (D:3)
  A centaur skeleton (D:4)
  2 hounds (D:4)
  A jelly (D:5)
  An iguana (D:4)
  2 orc wizards (D:3)
  2 worker ants (D:4)
  A howler monkey zombie (D:5)
  A howler monkey skeleton (D:4)
  9 adders
  2 adder skeletons (D:5)
  A worm (D:4)
  2 dart slugs
  2 leopard geckos
  10 orcs
  4 ball pythons
  8 bats
  4 giant cockroaches
  7 goblins
  14 hobgoblins
  7 jackals
  A quokka (D:2)
  4 frilled lizards
  6 kobolds
  A leopard gecko skeleton (D:5)
  8 rats
107 creatures vanquished.

Notes
Turn   | Place    | Note
-------+----------+-------------------------------------------
     0 | Abyss:1  | rafael the Demonspawn Abyssal Knight began the quest for the Orb.
     0 | Abyss:1  | Reached XP level 1. HP: 18/18 MP: 2/2
    47 | Abyss:1  | Noticed a neqoxec
    51 | Abyss:1  | Noticed a crimson imp
    52 | Abyss:1  | Noticed an iron imp
    53 | Abyss:1  | Noticed a crimson imp
    53 | D:1      | Escaped the Abyss
   177 | D:1      | Reached skill level 2 in Unarmed Combat
   219 | D:1      | Gained mutation: You have large cloven feet. [demonic ancestry]
   219 | D:1      | Reached XP level 2. HP: 4/24 MP: 3/3
   230 | D:1      | Reached * piety under Lugonu
   735 | D:2      | Reached skill level 3 in Unarmed Combat
   735 | D:2      | Gained mutation: Your movements are slightly less encumbered by armour. (ER -2) [demonic ancestry]
   735 | D:2      | Reached XP level 3. HP: 19/29 MP: 4/4
  1585 | D:3      | Reached skill level 4 in Unarmed Combat
  1585 | D:3      | Gained mutation: Your movements are less encumbered by armour. (ER -4) [demonic ancestry]
  1585 | D:3      | Reached XP level 4. HP: 25/35 MP: 5/5
  1740 | D:3      | Reached XP level 5. HP: 31/41 MP: 6/6
  1807 | D:3      | Reached ** piety under Lugonu
  1807 | D:3      | Reached skill level 5 in Unarmed Combat
  1920 | D:3      | Noticed Grinder
  1928 | D:3      | Paralysed by Grinder for 2 turns
  1969 | D:4      | Found an opulent altar of Gozag.
  2185 | D:4      | Gained mutation: Your movements are significantly less encumbered by armour. (ER -6) [demonic ancestry]
  2185 | D:4      | Reached XP level 6. HP: 28/47 MP: 7/7
  2214 | D:4      | Reached skill level 6 in Unarmed Combat
  2312 | D:4      | Found a shattered altar of Ashenzari.
  2358 | D:5      | Entered Level 5 of the Dungeon
  2366 | D:5      | Noticed rafael's ghost (amateur DDFE)
  2621 | D:3      | Reached skill level 7 in Unarmed Combat
  2621 | D:3      | Gained mutation: When hurt, damage is shared between your health and your magic reserves. [demonic ancestry]
  2621 | D:3      | Reached XP level 7. HP: 23/52 MP: 8/8
  2686 | D:3      | Found a transporter.
  2716 | D:3      | Found a transporter.
  2803 | D:3      | Paralysed by Grinder for 6 turns
  2807 | D:3      | Killed Grinder
  2951 | D:3      | Found a white marble altar of Elyvilon.
  2952 | D:3      | Found a radiant altar of Vehumet.
  2955 | D:3      | Found a deep blue altar of Sif Muna.
  2956 | D:3      | Found an ancient bone altar of Kikubaaqudgha.
  3273 | D:5      | Reached skill level 8 in Unarmed Combat
  3292 | D:5      | Reached *** piety under Lugonu
  3614 | D:5      | Found a staircase to the Ecumenical Temple.
  3721 | D:5      | HP: 2/52 [acid (2)]
  3721 | D:5      | Splashed by a jelly's acid

Skill      XL: |  1  2  3  4  5  6  7 |
---------------+----------------------+-----
Unarmed Combat | 2 3 4 5 7 8 |  8.4
Fighting       | |  3.0
Armour         | |  1.7
Dodging        | |  0.8
Invocations    | |  2.4

Action                   |  1- 3 |  4- 6 |  7- 9 || total
-------------------------+-------+-------+-------++-------
Melee: Unarmed           |   165 |   184 |     2 ||   351
       Kick              |    30 |    22 |    29 ||    81
       Punch             |       |     2 |     3 ||     5
       Dagger            |       |       |   113 ||   113
Throw: Tomahawk          |       |     2 |       ||     2
Invok: Depart the Abyss  |     1 |       |       ||     1
Evoke: Wand              |       |     7 |     1 ||     8
  Use: Scroll            |     3 |     1 |       ||     4
       Potion            |       |     5 |     3 ||     8
  Eat: Chunk             |     1 |     4 |     4 ||     9
Armor: Leather armour    |    51 |    42 |    32 ||   125
Dodge: Dodged            |    84 |    99 |    67 ||   250
